 Dungeon Crawl Stone Soup version 0.15.0-13-gb296d5c (webtiles) character file.

16456 Johnny the Fighter (level 12, 0/97 HPs)
             Began as a Human Berserker on Sept 3, 2014.
             Was a High Priest of Trog.
             Killed from afar by Harold (40 damage)
             ... with a bolt of fire
             ... on Level 3 of the Lair of Beasts.
             The game lasted 00:46:51 (17877 turns).

Johnny the Fighter (Human Berserker)               Turns: 17877, Time: 00:46:51

HP   0/97        AC 18     Str 19      XL: 12   Next: 70%
MP  14/14        EV  3     Int  9      God: Trog [*****.]
Gold 882         SH 16     Dex 21      Spells:  0 memorised, 11 levels left

rFire  x . .     SeeInvis .     j - +4 war axe (freeze)
rCold  . . .     Clarity  .     a - +0 plate armour
rNeg   . . .     rCorr    .     r - +0 large shield
rPois  .         rRot     .     q - +1 hat
rElec  .         Spirit   .     v - +0 cloak
SustAb .         Warding  .     b - +0 pair of gloves
rMut   .         Stasis   .     (no boots)
Gourm  .                        N - amulet "Themmal" {Faith rF- Str+2 Dex+2}
MR     ++...                    (no ring)
                                y - +2 ring of intelligence

@: exhausted, regenerating, slowed, very slow, very resistant to hostile
enchantments, extremely unstealthy
A: no striking features
a: Burn Spellbooks, Berserk, Trog's Hand, Brothers in Arms, Renounce Religion


You were on level 3 of the Lair of Beasts.
You worshipped Trog.
Trog was extremely pleased with you.
You were near starving.

You visited 2 branches of the dungeon, and saw 13 of its levels.
You also visited: Labyrinth.

You collected 882 gold pieces.

Inventory:

Hand weapons
 j - a +4 war axe of freezing (weapon)
Armour
 a - a +0 plate armour (worn)
 b - a +0 pair of gloves (worn)
 q - a +1 hat (worn)
 r - a +0 large shield (worn)
 v - a +0 cloak (worn)
Magical devices
 e - a wand of fireball (2) {unknown}
 l - a wand of fire (5)
 u - a wand of lightning (2)
 z - a wand of digging (4)
 A - a wand of slowing (11)
 F - a wand of cold (6)
 K - a wand of digging (9)
 S - a wand of lightning (5)
 V - a wand of draining (5)
 W - a wand of digging (5)
 Z - a wand of fire (13)
Comestibles
 i - 2 bread rations
 n - 3 meat rations
 t - 39 fruits
 E - 2 slices of pizza
Scrolls
 d - 2 scrolls of recharging
 g - 4 scrolls of enchant armour
 m - a scroll of vulnerability
 o - a scroll of brand weapon
 p - 4 scrolls of teleportation
 s - 6 scrolls of remove curse
 x - a scroll of fear
 D - a scroll of immolation {unknown}
Jewellery
 y - a +2 ring of intelligence (left hand)
 N - the amulet "Themmal" (around neck) {Faith rF- Str+2 Dex+2}
   (You found it in a labyrinth)

   [amulet of faith]

   It allows you to gain divine favour quickly.
   It affects your strength (+2).
   It affects your dexterity (+2).
   It makes you vulnerable to fire.
Potions
 c - a potion of brilliance
 f - a potion of flight
 h - a potion of heal wounds
 k - a potion of confusion
 w - a potion of restore abilities
 B - a potion of lignification {unknown}
 J - a potion of invisibility
Rods
 R - a +1 rod of ignition (12/12)
   (You took it off a minotaur in a labyrinth)
 Y - a +2 rod of clouds (10/10)
   (You found it in a labyrinth)


   Skills:
 + Level 9.7 Fighting
 + Level 9.7(10.4) Axes
 + Level 4.3(7.6) Maces & Flails
   Level 3.6(7.2) Polearms
 + Level 9.6 Armour
 + Level 7.7 Dodging
 + Level 2.5 Stealth
 + Level 6.5 Shields
 + Level 1.3 Evocations


You had 11 spell levels left.
You didn't know any spells.

Dungeon Overview and Level Annotations

Branches:
Dungeon (10/15)            Temple (0/1) D:5             Orc (0/4) D:10
   Lair (3/8) D:10
  Swamp: Lair:3-6    Shoals: Lair:3-6     Snake: Lair:3-6    Spider: Lair:3-6

Altars:
Dithmenos
Kikubaaqudgha
Qazlal
Sif Muna
Trog
The Shining One

Shops:
D:9 (

Annotations:
Lair:3 Harold


Message History

There is a stone staircase leading up here.
Harold throws a throwing net.
You block the throwing net.
You see here a throwing net.
You feel your anger subside.
You are no longer berserk.
You are exhausted.
You feel yourself slow down.
You are near starving!
Harold gestures wildly while chanting.
Harold blinks!
Harold throws a throwing net.
You block the throwing net.
You see here a throwing net.
Harold casts a spell at you. The bolt of fire hits you!
The fire burns you terribly!
Ouch! That really hurt!
* * * LOW HITPOINT WARNING * * *
Drink which item? (? for menu, Esc to quit)
You feel much better.
Harold points at you and mumbles some strange words.
The bolt of fire hits you! The fire burns you terribly!
You die...

##### . # ### ###### ###....#..
###.####.##.####.P........
##.............#..........
.................<...........
##...............(............
.#....####.........b.............
.P....# ####...#(...........#...
......## #...@#......#...#....
.......######...........#...##...
................##......#....#.##
.............#...#.@.............
.###........##.........##........
.#...........##.PP....###........
...<....#....#.......#.###..(....
......###...###..P..#### #P..##P.
..#..###............# #####...


You could see Harold.

Vanquished Creatures
  A minotaur (Lab)
  Pikel (D:6)
  A griffon (Lair:2)
  An ugly thing (D:8)
  2 black mambas
  Joseph (D:10)
  Psyche (D:9)
  3 komodo dragons
  8 spiny frogs
  Prince Ribbit (D:5)
  A minotaur skeleton (Lab)
  5 basilisks
  3 yaks (Lair:2)
  2 hill giant zombies
  Eustachio (D:6)
  A hungry ghost (Lab)
  A hippogriff (D:10)
  A wandering mushroom (Lab)
  A warg (D:10)
  3 wolves (Lair:3)
  2 swamp worms (Lair:1)
  2 water moccasins
  A phantom (D:8)
  4 slaves (D:6)
  2 sky beasts (D:9)
  4 orc warriors
  4 ice beasts
  2 black bears (D:10)
  4 ogres
  5 crocodiles
  6 centaurs
  Duvessa (D:6)
  3 necrophages
  10 giant frogs
  A big kobold (D:7)
  7 scorpions
  A vampire bat (D:5)
  21 wights
  6 killer bees (D:8)
  Dowan (D:6)
  An electric eel (D:9)
  4 iguanas
  2 crimson imps
  6 orc priests
  3 giant frog skeletons
  A jelly (D:10)
  A gnoll shaman (D:5)
  9 orc wizards
  A quasit (D:8)
  7 worker ants
  9 hounds
  A sky beast zombie (D:6)
  A hound zombie (D:5)
  Terence (D:2)
  5 gnolls (D:5)
  23 green rats
  18 adders
  2 shadow imps
  2 worms
  An ufetubus (D:6)
  An adder skeleton (D:4)
  An ooze (D:6)
  47 orcs
  A bat skeleton (D:5)
  6 bat zombies (D:5)
  17 goblins
  12 hobgoblins
  12 jackals
  2 ball pythons
  13 bats
  8 giant cockroaches
  3 giant geckos
  10 giant newts
  A giant spore (D:7)
  A hobgoblin zombie (D:5)
  26 kobolds
  2 orc skeletons (D:4)
  An orc zombie (D:5)
  5 quokkas
  12 rats
  8 ballistomycetes
  2 fungi
  A plant (D:10)
416 creatures vanquished.

Vanquished Creatures (others)
  A shadow imp (D:9)
  A giant spore (D:10)
  2 plants
4 creatures vanquished.

Grand Total: 420 creatures vanquished

Notes
Turn   | Place    | Note
--------------------------------------------------------------
     0 | D:1      | Johnny, the Human Berserker, began the quest for the Orb.
     0 | D:1      | Reached XP level 1. HP: 18/18 MP: 1/1
    95 | D:1      | Reached XP level 2. HP: 8/24 MP: 2/2
   929 | D:1      | Reached XP level 3. HP: 29/29 MP: 3/3
  1097 | D:2      | Acquired Trog's second power
  1163 | D:2      | Found a bloodstained altar of Trog.
  1246 | D:2      | Found a glowing golden altar of the Shining One.
  1539 | D:2      | Noticed Terence
  1544 | D:2      | Killed Terence
  1544 | D:2      | Reached XP level 4. HP: 33/35 MP: 4/4
  2083 | D:2      | Reached skill level 1 in Maces & Flails
  2439 | D:3      | Reached XP level 5. HP: 33/41 MP: 5/5
  2764 | D:3      | Found a shadowy altar of Dithmenos.
  3375 | D:4      | Reached XP level 6. HP: 25/48 MP: 6/6
  3610 | D:4      | Reached skill level 4 in Fighting
  4014 | D:4      | Reached XP level 7. HP: 40/54 MP: 7/7
  4605 | D:5      | Entered Level 5 of the Dungeon
  4989 | D:5      | Reached XP level 8. HP: 44/61 MP: 8/8
  5214 | D:5      | Reached skill level 5 in Dodging
  5257 | D:5      | Reached skill level 5 in Fighting
  5764 | D:5      | Noticed Prince Ribbit
  5775 | D:5      | Killed Prince Ribbit
  6104 | D:5      | Found a staircase to the Ecumenical Temple.
  6275 | D:5      | Found an ancient bone altar of Kikubaaqudgha.
  6283 | D:5      | Reached skill level 5 in Armour
  6451 | D:6      | Reached skill level 1 in Axes
  6556 | D:6      | Noticed Eustachio
  6916 | D:6      | Noticed Pikel
  6925 | D:6      | Noticed Duvessa
  6955 | D:6      | Noticed Dowan
  6973 | D:6      | Killed Duvessa
  6973 | D:6      | Reached skill level 1 in Stealth
  7018 | D:6      | Reached XP level 9. HP: 49/68 MP: 9/9
  7326 | D:6      | Reached skill level 6 in Dodging
  7495 | D:6      | Found a stormy altar of Qazlal.
  7537 | D:6      | Killed Pikel
  7545 | D:6      | Killed Dowan
  7812 | D:6      | Killed Eustachio
  7887 | D:6      | Found a deep blue altar of Sif Muna.
  8177 | D:6      | Reached XP level 10. HP: 57/77 MP: 10/10
  8281 | D:6      | Acquired Trog's third power
  8285 | D:6      | Reached skill level 5 in Axes
  8958 | D:7      | Reached skill level 7 in Armour
  9686 | D:8      | Noticed a red ugly thing
  9698 | D:8      | Killed a red ugly thing
  9698 | D:8      | Reached skill level 1 in Shields
  9698 | D:8      | Reached skill level 1 in Evocations
  9994 | D:8      | Received a gift from Trog
 11026 | D:9      | Reached XP level 11. HP: 75/85 MP: 13/13
 11224 | D:9      | Found Kipp's Weapon Shoppe.
 11484 | D:9      | Noticed Psyche
 11492 | D:9      | Killed Psyche
 11793 | D:9      | Reached skill level 8 in Fighting
 11985 | D:10     | Entered Level 10 of the Dungeon
 12092 | D:10     | Noticed Joseph
 12111 | D:10     | Killed Joseph
 12169 | D:10     | Found a staircase to the Orcish Mines.
 12996 | D:10     | Found a staircase to the Lair.
 13220 | Lair:1   | Entered Level 1 of the Lair of Beasts
 13907 | Lair:1   | Received a gift from Trog
 14141 | Lair:1   | Reached skill level 9 in Fighting
 14247 | Lair:1   | Reached skill level 5 in Shields
 14744 | Lair:1   | Noticed a five-headed hydra
 14752 | Lair:1   | Reached XP level 12. HP: 87/95 MP: 14/14
 15057 | Lair:2   | Found a labyrinth entrance.
 15081 | Lab      | Entered a labyrinth
 15172 | Lab      | Found an exit through the horrors of the Abyss.
 15657 | Lab      | Received a gift from Trog
 15671 | Lab      | Got a pitted ivory amulet
 15672 | Lab      | Identified the amulet "Themmal" {Faith rF- Str+2 Dex+2} (You found it in a labyrinth)
 16731 | Lab      | Noticed a minotaur
 16739 | Lab      | Killed a minotaur
 16759 | Lab      | Identified a +1 rod of ignition (12/12) (You took it off a minotaur in a labyrinth)
 17860 | Lair:3   | Noticed Harold
 17877 | Lair:3   | Killed from afar by Harold

Action                   |  1- 3 |  4- 6 |  7- 9 | 10-12 || total
-------------------------+-------+-------+-------+-------++-------
Melee: Spear             |    55 |       |       |       ||    55
       Mace              |    59 |   187 |    93 |       ||   339
       Battleaxe         |       |       |   167 |       ||   167
       Dire flail        |       |       |    28 |       ||    28
       War axe           |       |       |   126 |   761 ||   887
       Halberd           |       |       |       |    72 ||    72
       Broad axe         |       |       |       |     8 ||     8
Invok: Berserk           |     2 |     1 |    12 |    16 ||    31
       Trog's Hand       |       |     2 |    10 |    12 ||    24
       Burn Spellbooks   |       |       |       |     4 ||     4
Evoke: Wand              |       |       |     1 |    10 ||    11
  Use: Scroll            |       |     6 |     8 |     8 ||    22
       Potion            |       |       |     5 |     8 ||    13
 Stab: Distracted        |       |       |       |     1 ||     1
  Eat: Chunk             |     3 |     3 |     3 |     6 ||    15
       Bread ration      |       |     2 |     2 |     4 ||     8
       Fruit             |       |     1 |     3 |     7 ||    11
       Meat ration       |       |       |     2 |     3 ||     5
       Pizza             |       |       |     1 |     1 ||     2
       Royal jelly       |       |       |       |     1 ||     1
       Beef jerky        |       |       |       |     1 ||     1
